TOP OF THE 1ST |
Surrey Sinners batting - Pitching for Seattle Rainiers : RHP Brandon Sweet
|
Pitching: RHP Brandon Sweet
|
|
Batting: RHB Clint Younger
|
0-0: Called Strike 0-1: Ball 1-1: Foul Ball, location: 2F 1-2: Ball 2-2: Strikes out swinging
|
Batting: LHB Jorge Martínez
|
0-0: Ground out U3 (Groundball, 34)
|
Batting: LHB Randy Wiggins
|
0-0: Called Strike 0-1: Foul Ball, location: 2F 0-2: Ball 1-2: Strikes out looking
|
Top of the 1st over - 0 run(s), 0 hit(s), 0 error(s), 0 left on base; Surrey 0 - Seattle 0 |
BOTTOM OF THE 1ST |
Seattle Rainiers batting - Pitching for Surrey Sinners : LHP Scott Davis
|
Pitching: LHP Scott Davis
|
|
Batting: RHB José Vidal
|
0-0: Ball 1-0: Called Strike 1-1: Ball 2-1: SINGLE (Groundball, 56D)
|
Batting: RHB Jorge Colón
|
0-0: Foul Ball, location: 2F 0-1: Ball 1-1: Foul Ball, location: 2F 1-2: SINGLE (Groundball, 34D) José Vidal to second Runner from 2nd tries for 3rd, SAFE, no throw
|
Batting: RHB Danny Spode
|
0-0: Ball 1-0: Called Strike 1-1: Foul Ball, location: 2F 1-2: Strikes out looking
|
Batting: RHB John Hill
|
0-0: Called Strike 0-1: Ball 1-1: Ball 2-1: Swinging Strike 2-2: Strikes out swinging
|
Batting: LHB Carlos Valentín
|
0-0: Called Strike 0-1: SINGLE (Groundball, 34D) José Vidal scores Jorge Colón to second Runner from 2nd tries for 3rd, SAFE, throw made to third
|
Batting: RHB Cipriano Baca
|
0-0: Called Strike 0-1: Ball 1-1: Called Strike 1-2: Ball 2-2: Foul Ball, location: 2F 2-2: Foul Ball, location: 2F 2-2: Strikes out looking
|
Bottom of the 1st over - 1 run(s), 3 hit(s), 0 error(s), 2 left on base; Surrey 0 - Seattle 1 |
TOP OF THE 2ND |
Surrey Sinners batting - Pitching for Seattle Rainiers : RHP Brandon Sweet
|
Batting: LHB Tony Smith
|
0-0: Ground out 4-3 (Groundball, 4)
|
Batting: RHB Robert Koremans
|
0-0: Called Strike 0-1: Ball 1-1: Ball 2-1: Foul Ball, location: 2F 2-2: Fly out, F4 (Popup, 34D)
|
Batting: RHB Eugene Booth
|
0-0: Ball 1-0: Called Strike 1-1: Fly out, F2 (Popup, 15)
|
Top of the 2nd over - 0 run(s), 0 hit(s), 0 error(s), 0 left on base; Surrey 0 - Seattle 1 |
BOTTOM OF THE 2ND |
Seattle Rainiers batting - Pitching for Surrey Sinners : LHP Scott Davis
|
Batting: RHB Rodrigo García
|
0-0: Foul Ball, location: 2F 0-1: Swinging Strike 0-2: Ball 1-2: Foul Ball, location: 2F 1-2: Foul Ball, location: 2F 1-2: Strikes out swinging
|
Batting: RHB José Romo
|
0-0: Ball 1-0: Ball 2-0: Called Strike 2-1: Called Strike 2-2: Foul Ball, location: 2F 2-2: Ball 3-2: Foul Ball, location: 2F 3-2: Ground out 5-3 (Groundball, 5L)
|
Batting: RHB Jorge Álvarez
|
0-0: Called Strike 0-1: Foul Ball, location: 2F 0-2: Foul Ball, location: 2F 0-2: Strikes out looking
|
Bottom of the 2nd over - 0 run(s), 0 hit(s), 0 error(s), 0 left on base; Surrey 0 - Seattle 1 |
TOP OF THE 3RD |
Surrey Sinners batting - Pitching for Seattle Rainiers : RHP Brandon Sweet
|
Batting: RHB Roberto Ybarra
|
0-0: Fly out, F8 (Flyball, 8LM)
|
Batting: RHB Dennis House
|
0-0: Called Strike 0-1: SINGLE (Flyball, 6MD)
|
Batting: LHB Iván Espinosa
|
0-0: Called Strike 0-1: Ball 1-1: Foul Ball, location: 2F 1-2: 2-RUN HOME RUN (Flyball, 89XD), Distance : 431 ft
|
Batting: RHB Clint Younger
|
0-0: Ball 1-0: Ball 2-0: Called Strike 2-1: SINGLE (Groundball, 56D)
|
Batting: LHB Jorge Martínez
|
0-0: Ball 1-0: Ball 2-0: Ball 3-0: Base on Balls Clint Younger to second
|
Batting: LHB Randy Wiggins
|
0-0: Called Strike Clint Younger steals 3rd base Jorge Martínez to second 0-1: Ball 1-1: Ground out 3-1 (Groundball, 34S) Clint Younger scores Jorge Martínez to third
|
Batting: LHB Tony Smith
|
0-0: Ball 1-0: Foul Ball, location: 2F 1-1: Swinging Strike 1-2: Ball 2-2: Foul Ball, location: 2F 2-2: Ball 3-2: SINGLE (Flyball, 89S) Jorge Martínez scores
|
Batting: RHB Robert Koremans
|
0-0: Ball 1-0: Fly out, F7 (Flyball, 7S)
|
Top of the 3rd over - 4 run(s), 4 hit(s), 0 error(s), 1 left on base; Surrey 4 - Seattle 1 |
BOTTOM OF THE 3RD |
Seattle Rainiers batting - Pitching for Surrey Sinners : LHP Scott Davis
|
Batting: RHB José Vidal
|
0-0: Ball 1-0: Ball 2-0: Ball 3-0: Called Strike 3-1: Base on Balls
|
Batting: RHB Jorge Colón
|
0-0: Ball 1-0: Ball 2-0: Ball 3-0: Base on Balls José Vidal to second
|
Batting: RHB Danny Spode
|
0-0: Swinging Strike 0-1: Called Strike 0-2: Fielders Choice at 2nd, 6-4 (Groundball, 6M) José Vidal to third
|
Batting: RHB John Hill
|
0-0: Called Strike 0-1: Ball 1-1: Grounds into double play, 4-6-3 (Groundball, 4)
|
Bottom of the 3rd over - 0 run(s), 0 hit(s), 0 error(s), 1 left on base; Surrey 4 - Seattle 1 |
TOP OF THE 4TH |
Surrey Sinners batting - Pitching for Seattle Rainiers : RHP Brandon Sweet
|
Batting: RHB Eugene Booth
|
0-0: Swinging Strike 0-1: Foul Ball, location: 2F 0-2: Foul Ball, location: 2F 0-2: Ball 1-2: Ball 2-2: Strikes out swinging
|
Batting: RHB Roberto Ybarra
|
0-0: Ball 1-0: Swinging Strike 1-1: Foul Ball, location: 2F 1-2: Ball 2-2: Ball 3-2: Base on Balls
|
Batting: RHB Dennis House
|
0-0: Ball 1-0: Ball 2-0: Called Strike 2-1: Foul Ball, location: 2F 2-2: Strikes out swinging
|
Batting: LHB Iván Espinosa
|
0-0: Ball 1-0: Called Strike 1-1: Fly out, F8 (Flyball, 8LM)
|
Top of the 4th over - 0 run(s), 0 hit(s), 0 error(s), 1 left on base; Surrey 4 - Seattle 1 |
BOTTOM OF THE 4TH |
Seattle Rainiers batting - Pitching for Surrey Sinners : LHP Scott Davis
|
Batting: LHB Carlos Valentín
|
0-0: Ball 1-0: Fly out, F4 (Popup, 4)
|
Batting: RHB Cipriano Baca
|
0-0: Foul Ball, location: 2F 0-1: Ball 1-1: Ground out 2-3 (Groundball, 15S)
|
Batting: RHB Rodrigo García
|
0-0: Ball 1-0: Ball 2-0: Foul Ball, location: 2F 2-1: Ball 3-1: Base on Balls
|
Batting: RHB José Romo
|
0-0: Ball 1-0: Ball 2-0: Ball 3-0: Base on Balls Rodrigo García to second
|
Batting: RHB Jorge Álvarez
|
0-0: Called Strike 0-1: Foul Ball, location: 2F 0-2: Fielders Choice at 2nd, 4-6 (Groundball, 4D)
|
Bottom of the 4th over - 0 run(s), 0 hit(s), 0 error(s), 1 left on base; Surrey 4 - Seattle 1 |
TOP OF THE 5TH |
Surrey Sinners batting - Pitching for Seattle Rainiers : RHP Brandon Sweet
|
Batting: RHB Clint Younger
|
0-0: Ball 1-0: Called Strike 1-1: Called Strike 1-2: Ball 2-2: Ground out 6-3 (Groundball, 6)
|
Batting: LHB Jorge Martínez
|
0-0: Called Strike 0-1: Called Strike 0-2: Strikes out swinging
|
Batting: LHB Randy Wiggins
|
0-0: Foul Ball, location: 2F 0-1: Ball 1-1: Ball 2-1: Ball 3-1: Base on Balls
|
Batting: LHB Tony Smith
|
0-0: Ball 1-0: Ball 2-0: Foul Ball, location: 2F 2-1: Ball 3-1: Base on Balls Randy Wiggins to second
|
Pitching: RHP Anrrique Burmester
|
|
Batting: RHB Robert Koremans
|
0-0: Called Strike 0-1: Ball 1-1: Ball 2-1: Called Strike 2-2: Ball 3-2: Base on Balls Randy Wiggins to third Tony Smith to second
|
Batting: RHB Eugene Booth
|
0-0: Ball 1-0: Called Strike 1-1: Ball 2-1: Foul Ball, location: 2F 2-2: Foul Ball, location: 2F 2-2: Ball 3-2: Strikes out swinging
|
Top of the 5th over - 0 run(s), 0 hit(s), 0 error(s), 3 left on base; Surrey 4 - Seattle 1 |
BOTTOM OF THE 5TH |
Seattle Rainiers batting - Pitching for Surrey Sinners : LHP Scott Davis
|
Batting: RHB José Vidal
|
0-0: Ball 1-0: Called Strike 1-1: Ball 2-1: Ball 3-1: Foul Ball, location: 2F 3-2: Foul Ball, location: 2F 3-2: Foul Ball, location: 2F 3-2: Foul Ball, location: 2F 3-2: Strikes out looking
|
Pitching: RHP Robinson Flores
|
|
Batting: RHB Jorge Colón
|
0-0: Called Strike 0-1: Ball 1-1: Ball 2-1: Foul Ball, location: 2F 2-2: Strikes out looking
|
Batting: RHB Danny Spode
|
0-0: Ball 1-0: Ball 2-0: Ball 3-0: Base on Balls
|
Batting: RHB John Hill
|
0-0: Ball 1-0: SINGLE (Flyball, 9LS) Danny Spode to second Runner from 2nd tries for 3rd, OUT!
|
Bottom of the 5th over - 0 run(s), 1 hit(s), 0 error(s), 1 left on base; Surrey 4 - Seattle 1 |
TOP OF THE 6TH |
Surrey Sinners batting - Pitching for Seattle Rainiers : RHP Anrrique Burmester
|
Batting: RHB Roberto Ybarra
|
0-0: Ball 1-0: Ball 2-0: Swinging Strike 2-1: Foul Ball, location: 2F 2-2: Ball 3-2: Base on Balls
|
Batting: RHB Dennis House
|
0-0: Swinging Strike 0-1: Ball 1-1: Swinging Strike 1-2: Ball 2-2: Strikes out swinging
|
Batting: LHB Iván Espinosa
|
0-0: Ball 1-0: Ball 2-0: Ball 3-0: Called Strike 3-1: Called Strike 3-2: Foul Ball, location: 2F 3-2: Foul Ball, location: 2F 3-2: Foul Ball, location: 2F 3-2: Foul Ball, location: 2F 3-2: Base on Balls Roberto Ybarra to second
|
Batting: RHB Clint Younger
|
0-0: Ball 1-0: Ball 2-0: Called Strike 2-1: Ball 3-1: Foul Ball, location: 2F 3-2: Foul Ball, location: 2F 3-2: Foul Ball, location: 2F 3-2: Strikes out swinging
|
Batting: LHB Jorge Martínez
|
0-0: Ball 1-0: Foul Ball, location: 2F 1-1: Ball 2-1: Fielders Choice at 2nd, U6 (Groundball, 6M)
|
Top of the 6th over - 0 run(s), 0 hit(s), 0 error(s), 2 left on base; Surrey 4 - Seattle 1 |
BOTTOM OF THE 6TH |
Seattle Rainiers batting - Pitching for Surrey Sinners : RHP Robinson Flores
|
Batting: LHB Carlos Valentín
|
0-0: Ball 1-0: Ball 2-0: Called Strike 2-1: Fly out, F9 (Line Drive, 9)
|
Batting: RHB Cipriano Baca
|
0-0: Ball 1-0: Foul Ball, location: 2F 1-1: Bunt for hit - play at first, batter OUT! 5-3
|
Batting: RHB Rodrigo García
|
0-0: Foul Ball, location: 2F 0-1: Foul Ball, location: 2F 0-2: Strikes out swinging
|
Bottom of the 6th over - 0 run(s), 0 hit(s), 0 error(s), 0 left on base; Surrey 4 - Seattle 1 |
TOP OF THE 7TH |
Surrey Sinners batting - Pitching for Seattle Rainiers : RHP Anrrique Burmester
|
Batting: LHB Randy Wiggins
|
0-0: SINGLE (Line Drive, 4M)
|
Batting: LHB Tony Smith
|
0-0: Ball 1-0: Ground out 6-3 (Groundball, 6MS) Randy Wiggins to second
|
Batting: RHB Robert Koremans
|
0-0: Called Strike 0-1: Foul Ball, location: 2F 0-2: Foul Ball, location: 2F 0-2: Ball 1-2: Strikes out swinging
|
Pitching: RHP Steve Benson
|
|
Batting: RHB Eugene Booth
|
0-0: Ball 1-0: Called Strike 1-1: Ball 2-1: SINGLE (Line Drive, 9S) Randy Wiggins to third
|
Batting: RHB Roberto Ybarra
|
0-0: Swinging Strike 0-1: Ball 1-1: Ball 2-1: Fly out, F3 (Line Drive, 34)
|
Top of the 7th over - 0 run(s), 2 hit(s), 0 error(s), 2 left on base; Surrey 4 - Seattle 1 |
BOTTOM OF THE 7TH |
Seattle Rainiers batting - Pitching for Surrey Sinners : RHP Robinson Flores
|
Batting: RHB José Romo
|
0-0: Ball 1-0: Swinging Strike 1-1: Ball 2-1: Swinging Strike 2-2: Strikes out swinging
|
Batting: RHB Jorge Álvarez
|
0-0: SINGLE (Line Drive, 5D)
|
Batting: RHB José Vidal
|
0-0: Ball 1-0: Foul Ball, location: 2F 1-1: Ball 2-1: Swinging Strike 2-2: Strikes out swinging
|
Batting: RHB Jorge Colón
|
0-0: Ball 1-0: Ball 2-0: Called Strike 2-1: Ball 3-1: Foul Ball, location: 2F 3-2: Fly out, F8 (Flyball, 78D)
|
Bottom of the 7th over - 0 run(s), 1 hit(s), 0 error(s), 1 left on base; Surrey 4 - Seattle 1 |
TOP OF THE 8TH |
Surrey Sinners batting - Pitching for Seattle Rainiers : RHP Steve Benson
|
Batting: RHB Dennis House
|
0-0: Called Strike 0-1: Ball 1-1: Foul Ball, location: 2F 1-2: Ball 2-2: Strikes out swinging
|
Batting: LHB Iván Espinosa
|
0-0: Called Strike 0-1: DOUBLE (Groundball, 3L)
|
Batting: RHB Clint Younger
|
0-0: Intentional Walk
|
Batting: LHB Jorge Martínez
|
0-0: Ball 1-0: Ball 2-0: Ball 3-0: Base on Balls Iván Espinosa to third Clint Younger to second
|
Batting: LHB Randy Wiggins
|
0-0: Ball 1-0: Swinging Strike 1-1: Foul Ball, location: 2F 1-2: Ball 2-2: Foul Ball, location: 2F 2-2: Foul Ball, location: 2F 2-2: Foul Ball, location: 2F 2-2: Ball 3-2: Fly out, F7 (Line Drive, 7) Runner from 3rd tags up, SCORES, throw made
|
Pitching: LHP Miguel Perea
|
|
Batting: LHB Tony Smith
|
0-0: Called Strike 0-1: Foul Ball, location: 2F 0-2: Fly out, F8 (Flyball, 8LS)
|
Top of the 8th over - 1 run(s), 1 hit(s), 0 error(s), 2 left on base; Surrey 5 - Seattle 1 |
BOTTOM OF THE 8TH |
Seattle Rainiers batting - Pitching for Surrey Sinners : RHP Robinson Flores
|
Batting: RHB Danny Spode
|
0-0: Ball 1-0: Ball 2-0: Ball 3-0: Called Strike 3-1: Ground out 6-3 (Groundball, 6)
|
Batting: RHB John Hill
|
0-0: Ball 1-0: Swinging Strike 1-1: Foul Ball, location: 2F 1-2: Ball 2-2: Ball 3-2: Foul Ball, location: 2F 3-2: Foul Ball, location: 2F 3-2: Base on Balls
|
Batting: LHB Carlos Valentín
|
0-0: Foul Ball, location: 2F 0-1: Swinging Strike 0-2: Strikes out looking
|
Batting: RHB Cipriano Baca
|
0-0: Called Strike 0-1: Swinging Strike 0-2: Strikes out looking
|
Bottom of the 8th over - 0 run(s), 0 hit(s), 0 error(s), 1 left on base; Surrey 5 - Seattle 1 |
TOP OF THE 9TH |
Surrey Sinners batting - Pitching for Seattle Rainiers : LHP Miguel Perea
|
Batting: RHB Robert Koremans
|
0-0: Ball 1-0: DOUBLE (Flyball, 78D)
|
Batting: RHB Eugene Booth
|
0-0: Called Strike 0-1: Ball 1-1: Ball 2-1: Fly out, F4 (Flyball, 4MD)
|
Batting: RHB Roberto Ybarra
|
0-0: Intentional Walk
|
Batting: RHB Dennis House
|
0-0: Ball 1-0: Ball 2-0: Called Strike 2-1: SINGLE (Flyball, 89S) Robert Koremans to third Roberto Ybarra to second
|
Batting: LHB Iván Espinosa
|
0-0: Ball 1-0: Ball 2-0: Swinging Strike 2-1: Swinging Strike 2-2: Strikes out swinging
|
Batting: RHB Clint Younger
|
0-0: Swinging Strike 0-1: Called Strike 0-2: Foul Ball, location: 2F 0-2: Fly out, F7 (Flyball, 7)
|
Top of the 9th over - 0 run(s), 2 hit(s), 0 error(s), 3 left on base; Surrey 5 - Seattle 1 |
BOTTOM OF THE 9TH |
Seattle Rainiers batting - Pitching for Surrey Sinners : RHP Robinson Flores
|
Batting: RHB Rodrigo García
|
0-0: Ball 1-0: Ball 2-0: Called Strike 2-1: Swinging Strike 2-2: Strikes out swinging
|
Batting: RHB José Romo
|
0-0: Called Strike 0-1: Ball 1-1: Swinging Strike 1-2: Foul Ball, location: 2F 1-2: SINGLE (Groundball, 4MD)
|
Batting: RHB Jorge Álvarez
|
0-0: Foul Ball, location: 2F 0-1: Called Strike 0-2: Strikes out swinging
|
Batting: RHB José Vidal
|
0-0: Fly out, F9 (Flyball, 89M)
|
Bottom of the 9th over - 0 run(s), 1 hit(s), 0 error(s), 1 left on base; Surrey 5 - Seattle 1 |
|